 Dungeon Sprint DCSS version 0.30.0-30-g96aa6591b8 (webtiles) character file.

Game seed: 4051084926288286696

8687 Groucho the Peltast (level 11, -23/99 HPs)
             Began as a Formicid Hunter on June 26, 2023.
             Killed from afar by an ice dragon (29 damage)
             ... with a blast of cold
             ... in the Dungeon (Sprint V: "Ziggurat Sprint").
             The game lasted 00:06:11 (1385 turns).

Groucho the Peltast (Formicid Hunter)               Turns: 1385, Time: 00:06:12

Health: -23/99     AC: 33    Str: 33    XL:     11   Next: 60%
Magic:  11/11      EV:  4    Int:  8    God:
Gold:   0          SH: 32    Dex: 17    Spells: 10/10 levels left

rFire   . . .        r - +6 shillelagh "Devastator" {shatter}
rCold   . . .        k - +18 shield of the Gong {Loud rN+ Will+ rCorr EV-5}
rNeg    + . .        j - +15 Maxwell's patent armour {-Cast -Tele rElec Will+ rCorr}
rPois   .            (helmet unavailable)
rElec   +            (no cloak)
rCorr   +            S - +1 pair of gloves {hurl}
SInv    +            (no boots)
Will    +++..        w - amulet of magic regeneration Stlth
                     B - +6 ring of strength
HPRegen 0.36/turn    C - +6 ring of strength
MPRegen 0.52/turn

%: no spellcasting
@: constricted
A: permanent stasis, dig shafts and tunnels, antennae 3, four strong arms
a: Dig


You were in the Dungeon.
You visited 1 branch

Inventory:

Hand Weapons
 a - the +6 Majin-Bo {spellvamp, MP+6 Int+6}
   (You found it in the Dungeon)

   Int:       It affects your intelligence (+6).
   MP:        It affects your magic capacity (+6).
 c - the +10 dark maul {heavy}
   (You found it in the Dungeon)
 h - the +27 heavy crossbow "Sniper" {heavy, Acc+∞ SInv}
   (You found it in the Dungeon)

   Acc+∞: It never misses its target.
   SInv:      It lets you see invisible.
 i - the +16 obsidian axe {drain, demonic, Mesm Drain Fly SInv}
   (You found it in the Dungeon)

   Mesm:      Its wielder is mesmerised by any visible foes, and it cannot be
   unequipped while any foes are visible.
   SInv:      It lets you see invisible.
   Fly:       It grants you flight.
   Drain:     It drains your maximum health when unequipped.
 l - the +11 Singing Sword {sonic wave}
   (You found it in the Dungeon)
 m - the +7 great mace "Firestarter" {flame, immolate, rFlCloud rF++}
   (You found it in the Dungeon)

   rFlCloud:  It grants immunity to clouds of flame.
   rF:        It greatly protects you from fire.
 n - the +8 lance "Wyrmbane" {slay drac, rPois rF+ rC+ AC+3}
   (You found it in the Dungeon)

   AC:        It affects your AC (+3).
   rF:        It protects you from fire.
   rC:        It protects you from cold.
   rPois:     It protects you from poison.
 o - the +7 mace of Variability {chaos, chaos arc}
   (You found it in the Dungeon)
 p - the +11 plutonium sword {Contam Stlth-}
   (You found it in the Dungeon)

   Contam:    It causes magical contamination when unequipped.
   Stlth:     It makes you less stealthy.
 q - the +13 scythe of Curses {drain, curses, Drain}
   (You found it in the Dungeon)

   Drain:     It drains your maximum health when unequipped.
 r - the +6 shillelagh "Devastator" (weapon) {shatter}
   (You found it in the Dungeon)
 s - the +8 storm bow {elec, penet}
   (You found it in the Dungeon)
 t - the +9 sword of Power {lifebolt}
   (You found it in the Dungeon)
 u - the +9 sword of Zonguldrok {reap}
   (You found it in the Dungeon)
 x - the +8 arc blade {discharge, rElec}
   (You found it in the Dungeon)

   rElec:     It insulates you from electricity.
Armour
 g - +5 gold dragon scales
 j - the +15 Maxwell's patent armour (worn) {-Cast -Tele rElec Will+ rCorr}
   (You found it in the Dungeon)

   rElec:     It insulates you from electricity.
   -Cast:     It prevents spellcasting.
   -Tele:     It prevents most forms of teleportation.
   rCorr:     It protects you from acid and corrosion.
   Will:      It increases your willpower.
 k - the +18 shield of the Gong (worn) {Loud rN+ Will+ rCorr EV-5}
   (You found it in the Dungeon)

   Loud:      It is deafeningly noisy when blocking attacks.
   EV:        It affects your evasion (-5).
   rN:        It protects you from negative energy.
   rCorr:     It protects you from acid and corrosion.
   Will:      It increases your willpower.
 S - a +1 pair of gloves of hurling (worn)
Jewellery
 w - an amulet of magic regeneration (around neck)
 y - a +6 ring of dexterity
 z - a ring of protection from cold
 B - a +6 ring of strength (left hand)
 C - a +6 ring of strength (right hand)
 O - a ring of poison resistance
Wands
 v - a wand of roots (13)
 D - a wand of mindburst (7)
 E - a wand of light (13)
 P - a wand of flame (28)
 R - a wand of charming (5)
Scrolls
 b - a scroll of immolation
 A - 2 scrolls of brand weapon
 K - 4 scrolls of amnesia
 L - 7 scrolls of fog
 M - 5 scrolls of identify
 N - 2 scrolls of fear
 Q - 4 scrolls of enchant weapon
Potions
 d - 10 potions of curing
 e - 14 potions of heal wounds
 f - 7 potions of magic
 F - 2 potions of brilliance
 G - 2 potions of invisibility
 H - 4 potions of resistance
 I - a potion of experience
 J - 5 potions of might


   Skills:
 * Level 13.7 Fighting
 * Level 12.4 Maces & Flails
 + Level 9.8 Ranged Weapons
 * Level 13.5 Armour
 + Level 8.3 Dodging
 - Level 1.2 Stealth
 * Level 15.8 Shields


You had 10 spell levels left.
You didn't know any spells.
Your spell library contained the following spells:

 Spells                   Type           Power      Damage    Failure   Level
 Beastly Appendage        Tmut           0%         N/A       96%         1
 Freeze                   Ice            0%         1d3       96%         1
 Passwall                 Tmut/Erth      0%         N/A       99%         2
 Frozen Ramparts          Ice            0%         1d1       100%        3
 Animate Armour           Summ/Erth      0%         N/A       100%        4
 Animate Dead             Necr           0%         N/A       100%        4
 Ice Form                 Ice/Tmut       0%         N/A       100%        4
 Leda's Liquefaction      Hex/Erth       0%         N/A       100%        4
 Summon Ice Beast         Ice/Summ       0%         N/A       100%        4
 Alistair's Intoxication  Tmut/Pois      0%         N/A       100%        5
 Borgnjor's Vile Clutch   Necr/Erth      0%         N/A       100%        5
 Freezing Cloud           Conj/Ice/Air   0%         6-21      100%        5
 Metabolic Englaciation   Hex/Ice        0%         N/A       100%        5
 Summon Forest            Summ/Tloc      0%         N/A       100%        5
 Death Channel            Necr           0%         N/A       100%        6
 Eringya's Noxious Bog    Tmut/Pois      0%         N/A       100%        6
 Summon Hydra             Summ           0%         N/A       100%        7
 Disjunction              Tloc           0%         N/A       100%        8
 Polar Vortex             Ice            0%         N/A       100%        9


Dungeon Overview and Level Annotations

Branches:
Dungeon (1/1)

Altars:
Ashenzari
Cheibriados
Dithmenos
Elyvilon
Fedhas
Gozag
Hepliaklqana
Kikubaaqudgha
Makhleb
Nemelex Xobeh
Okawaru
Qazlal
Ru
Sif Muna
Trog
Uskayaw
Vehumet
Wu Jian
Xom
Yredelemnul
Zin
The Shining One
Jiyva
Lugonu

Annotations:
D 1 transporter


Innate Abilities, Weirdness & Mutations

You cannot be hasted, slowed, berserked, paralysed or teleported.
You can dig through walls and to a lower floor.
You have a pair of large antennae on your head. (SInv)
Your four strong arms can wield two-handed weapons with a shield.


Message History

The ball python simulacrum grabs you.
The ball python simulacrum constricts you.
Unknown command.
Unknown command.
You barely miss the frost giant.
The frost giant is lightly wounded.
You are engulfed in freezing vapours.
You block the ice dragon's attack.
PANG!
You block the ice dragon's attack.
BONNNG!
You block the ice dragon's attack.
GONNNNG!
The white imp hits you but does no damage.
The freezing wraith hits you! The freezing wraith freezes you!
* * * LOW HITPOINT WARNING * * *
You block the freezing wraith's attack.
PANG!
You block the ice devil's attack.
GONNNNG!
The frost giant points at you and mumbles some strange words.
The bolt of cold hits you!!
* * * LOW HITPOINT WARNING * * *
The ball python simulacrum bites you but does no damage.
The ball python simulacrum constricts you.
You sock the frost giant!
There is a shattering impact!
The frost giant is moderately wounded.
The ice devil is heavily wounded.
The white imp is almost dead.
The ice dragon is lightly wounded.
The frost giant is moderately wounded.
Unknown command.
Unknown command.
Unknown command.
You sock the frost giant!
There is a shattering impact!
The frost giant is severely wounded.
The ice devil is severely wounded.
The blizzard demon is lightly wounded.
The frost giant is severely wounded.
The ice dragon breathes frost at you. The blast of cold hits you!!
You die...

▓▓▓▓▓▓▓▓▓▓▓▓▓▓▓▓▓▓▓
▓...8©8...▓...8©8...▓
▓..)|/)/..▓....):)..▓
▓..|:|)/..▓....[)|..▓
▓.........▓.........▓
▓.........▓.........▓
▓....2....▓.....†...▓
▓...4CD...▓.....))..▓
▓..WW@5h..▓.▓..†).▓.▓
▓...Z.°...▓....©....▓
▓....©....▓▓▓▓▓▓▓▓▓▓▓
▓▓▓▓▓▓▓▓▓▓▓


{{{{{{{{ {{{{{{{{ { {{{{{{{{{ { {{{ { { { {{ {{ {{{ You could see a frost giant,
an ice dragon (catching breath), a blizzard demon, a polar bear, an ice devil, 2
freezing wraiths, a white imp and a ball python simulacrum.

Vanquished Creatures
  A mummy priest (D)
  5 draconians (D)
  2 toenail golems (D)
  5 hornets (D)
  A blink frog (D)
  A tarantella (D)
  2 jumping spiders (D)
  10 spriggans (D)
  A yak (D)
  A water moccasin (D)
  An ice beast (D)
  5 black bears (D)
  4 wolves (D)
  2 phantoms (D)
  3 bullfrogs (D)
  4 earth elementals (D)
  3 necrophages (D)
  A scorpion (D)
  A wight (D)
  2 mummies (D)
  A jackal (D)
  2 ball python zombies (D)
  A jackal zombie (D)
  A quokka skeleton (D)
60 creatures vanquished.

Notes
Turn   | Place    | Note
-------+----------+-------------------------------------------
     0 | D        | Groucho the Formicid Hunter began the quest for the Orb.
     0 | D        | Reached XP level 1. HP: 16/16 MP: 1/1
     7 | D        | Found a blossoming altar of Fedhas.
     7 | D        | Found the +6 Majin-Bo {spellvamp, MP+6 Int+6}
     7 | D        | Found the +27 heavy crossbow "Sniper" {heavy, Acc+∞ SInv}
     7 | D        | Found the +10 dark maul {heavy}
     7 | D        | Found the +15 Maxwell's patent armour {-Cast -Tele rElec
                  | Will+ rCorr}
     7 | D        | Found the +18 shield of the Gong {Loud rN+ Will+ rCorr
                  | EV-5}
     7 | D        | Found the +16 obsidian axe {drain, demonic, Mesm Drain Fly
                  | SInv}
     7 | D        | Found the +7 great mace "Firestarter" {flame, immolate,
                  | rFlCloud rF++}
     7 | D        | Found the +6 shillelagh "Devastator" {shatter}
     7 | D        | Found the +11 plutonium sword {Contam Stlth-}
     7 | D        | Found the +8 lance "Wyrmbane" {slay drac, rPois rF+ rC+
                  | AC+3}
     7 | D        | Found the +9 sword of Zonguldrok {reap}
     7 | D        | Found the +13 scythe of Curses {drain, curses, Drain}
     7 | D        | Found the +9 sword of Power {lifebolt}
     7 | D        | Found the +7 mace of Variability {chaos, chaos arc}
     7 | D        | Found the +11 Singing Sword {sonic wave}
     7 | D        | Found the +8 storm bow {elec, penet}
     8 | D        | Found a transporter.
     8 | D        | Found a viscous altar of Jiyva.
     8 | D        | Found an ancient bone altar of Kikubaaqudgha.
     8 | D        | Found a hazy altar of Hepliaklqana.
     8 | D        | Found a corrupted altar of Lugonu.
     8 | D        | Found an opulent altar of Gozag.
     8 | D        | Found a burning altar of Makhleb.
    15 | D        | Found a sparkling altar of Nemelex Xobeh.
    15 | D        | Found an iron altar of Okawaru.
    15 | D        | Found a stormy altar of Qazlal.
    15 | D        | Found a sacrificial altar of Ru.
    24 | D        | Found a shimmering blue altar of Sif Muna.
    26 | D        | Found a bloodstained altar of Trog.
    83 | D        | Entered arena 2.
    83 | D        | Found the +8 arc blade {discharge, rElec}
    83 | D        | Noticed a spriggan
    83 | D        | Noticed a black bear
    83 | D        | Found a transporter.
    86 | D        | Killed a black bear
    86 | D        | Killed a spriggan
    87 | D        | Reached skill level 5 in Maces & Flails
    87 | D        | Reached skill level 5 in Ranged Weapons
    87 | D        | Reached skill level 5 in Armour
    87 | D        | Reached skill level 6 in Shields
    87 | D        | Reached XP level 2. HP: 28/28 MP: 2/2
    87 | D        | Reached XP level 3. HP: 34/34 MP: 3/3
    87 | D        | Reached XP level 4. HP: 40/40 MP: 4/4
    87 | D        | Reached XP level 5. HP: 46/46 MP: 5/5
    87 | D        | Reached XP level 6. HP: 52/52 MP: 6/6
   105 | D        | Entered arena 3.
   105 | D        | Found a transporter.
   116 | D        | Reached skill level 7 in Shields
   118 | D        | Reached skill level 8 in Shields
   118 | D        | Reached XP level 7. HP: 50/60 MP: 7/7
   123 | D        | Got Xoheuczy's Quarto of Firn
   131 | D        | Entered arena 4.
   131 | D        | Noticed a tarantella
   131 | D        | Noticed a jumping spider
   131 | D        | Noticed a jumping spider
   131 | D        | Found a transporter.
   134 | D        | Killed a jumping spider
   135 | D        | Reached skill level 9 in Shields
   135 | D        | Killed a tarantella
   136 | D        | Reached skill level 5 in Dodging
   136 | D        | Reached XP level 8. HP: 64/69 MP: 8/8
   145 | D        | Killed a jumping spider
   146 | D        | Reached skill level 10 in Shields
   159 | D        | Entered arena 5.
   159 | D        | Noticed a mummy priest
   159 | D        | Found a transporter.
   163 | D        | Noticed a rust devil
   164 | D        | Noticed a flying skull
   164 | D        | Noticed a phantasmal warrior
   164 | D        | Noticed a vampire
   173 | D        | Noticed a vampire
   173 | D        | Noticed a shadow wraith
   176 | D        | Noticed a shadow wraith
   176 | D        | Noticed a flayed ghost
   176 | D        | Noticed a flayed ghost
   176 | D        | Noticed a flayed ghost
   176 | D        | Killed a mummy priest
   177 | D        | Reached skill level 11 in Shields
   177 | D        | Reached XP level 9. HP: 27/78 MP: 9/9
   590 | D        | Entered arena 6.
   590 | D        | Noticed a draconian
   590 | D        | Noticed a draconian
   590 | D        | Noticed a draconian
   590 | D        | Noticed a draconian
   590 | D        | Noticed a draconian
   590 | D        | Found a transporter.
   597 | D        | Killed a draconian
   598 | D        | Reached skill level 10 in Fighting
   598 | D        | Reached skill level 10 in Armour
   599 | D        | Killed a draconian
   600 | D        | Reached skill level 12 in Shields
   600 | D        | Killed a draconian
   608 | D        | Killed a draconian
   608 | D        | Killed a draconian
   609 | D        | Reached skill level 10 in Maces & Flails
   609 | D        | Reached skill level 13 in Shields
   609 | D        | Reached XP level 10. HP: 39/88 MP: 10/10
   620 | D        | Got the ring of Wogozuix {*Slow rCorr Str+2 Dex+9}
   867 | D        | Entered arena 7.
   867 | D        | Noticed a toenail golem
   867 | D        | Noticed a toenail golem
   872 | D        | Killed a toenail golem
   873 | D        | Killed a toenail golem
   878 | D        | Found a transporter.
   894 | D        | Entered arena 8.
   903 | D        | Reached skill level 14 in Shields
   903 | D        | Found a transporter.
   923 | D        | Entered arena 9.
   934 | D        | Found a transporter.
   941 | D        | Got the Encyclopedia of Changing Shifting
   953 | D        | Entered arena 10.
   953 | D        | Noticed a spriggan rider
   953 | D        | Noticed a spriggan rider
   953 | D        | Noticed a spriggan rider
   962 | D        | Found a transporter.
   970 | D        | Reached XP level 11. HP: 58/96 MP: 11/11
   981 | D        | Killed a spriggan rider
   982 | D        | Reached skill level 15 in Shields
  1190 | D        | Got the Volume of the Caves
  1318 | D        | Entered arena 11.
  1318 | D        | Noticed a spriggan rider
  1318 | D        | Noticed a spriggan rider
  1323 | D        | Found a transporter.
  1372 | D        | Entered arena 12.
  1372 | D        | Noticed an ice dragon
  1372 | D        | Noticed a blizzard demon
  1373 | D        | Noticed a frost giant
  1374 | D        | Found a transporter.
  1385 | D        | Killed from afar by an ice dragon

Illustrated notes

Levels and vault maps discovered:
D:        sprint_v [room_start, room_1, room_2, room_3, room_4, room_5, room_6,
          room_7, room_8, room_9, room_10, room_11, room_12, room_13, room_14,
          room_15, room_16, room_17, room_18, room_19, room_20, room_21,
          room_22, room_23, room_24, room_25, room_26, room_27]

Skill      XL: |  1  2  3  4  5  6  7  8  9 10 11 |
---------------+----------------------------------+-----
Fighting       | 6 7 8 9 11 12 13 | 13.7
Maces & Flails | 5 6 7 8 10 11 12 | 12.4
Ranged Weapons | 5 6 7 8 9 |  9.8
Armour         | 5 6 8 9 11 12 13 | 13.5
Dodging        | 3 4 5 6 7 8 |  8.3
Shields        | 6 8 9 11 13 14 15 | 15.8
Stealth        | |  1.2

Action                     |  1- 3 |  4- 6 |  7- 9 | 10-12 || total
---------------------------+-------+-------+-------+-------++-------
  Melee: Shillelagh        |     3 |     8 |    34 |    63 ||   108
 Armour: Plate armour      |     5 |     2 |     8 |    58 ||    73
  Dodge: Dodged            |       |     3 |     2 |    10 ||    15
  Block: Kite shield       |     4 |    16 |    48 |   120 ||   188
